 Dungeon Crawl Stone Soup version 0.26.1-12-g5ba1501909 (webtiles) character file.

Game seed: 14531014072534359498

3519 Zeld the Chucker (level 9, 0/89 HPs)
             Began as a Troll Hunter on Oct 28, 2021.
             Was an Initiate of Okawaru.
             Slain by a komodo dragon (19 damage)
             ... on level 9 of the Dungeon.
             The game lasted 00:13:52 (11012 turns).

Zeld the Chucker (Troll Hunter)                    Turns: 11012, Time: 00:13:52

Health: 0/89       AC:  7    Str: 25    XL:     9   Next: 81%
Magic:  8/8        EV: 11    Int:  7    God:    Okawaru [......]
Gold:   174        SH:  5    Dex: 10    Spells: 2/9 levels left

rFire    . . .     SeeInvis .   a - +1 whip (venom)
rCold    . . .     Faith    .   (no shield)
rNeg     . . .     Spirit   .   B - +0 robe
rPois    .         Reflect  +   (helmet restricted)
rElec    .         Harm     .   o - +0 cloak
rCorr    .         Rampage  .   (gloves unavailable)
Will     .....                  (boots unavailable)
Stlth    ++........             F - amulet of reflection
HPRegen  0.64/turn              (no ring)
MPRegen  0.11/turn              (no ring)

@: no status effects
A: large, unfitting armour, claws 3, regeneration 1, shaggy fur 1, tough skin 3
a: Renounce Religion


You were on level 9 of the Dungeon.
You worshipped Okawaru.
Okawaru was noncommittal.
You visited 2 branches of the dungeon, and saw 10 of its levels.

You collected 594 gold pieces.
You spent 420 gold pieces at shops.

Inventory:

Hand Weapons
 a - a +1 whip of venom (weapon)
 b - a +3 giant spiked club
Missiles
 c - 5 large rocks (quivered)
 d - 2 throwing nets
 n - 8 poisoned darts
 H - 5 boomerangs
 J - 2 silver javelins
Armour
 o - a +0 cloak (worn)
 B - a +0 robe (worn)
Jewellery
 k - an uncursed ring of protection from cold
 F - an amulet of reflection (around neck)
Wands
 m - a wand of acid (18)
 q - a wand of iceblast (9)
 x - a wand of flame (15)
 G - a wand of disintegration (14)
Scrolls
 h - a scroll of immolation {unknown}
 j - 9 scrolls of teleportation
 l - 2 scrolls of amnesia
 r - 2 scrolls of blinking
 s - 5 scrolls of remove curse
 y - 4 scrolls of enchant armour {unknown}
 E - 2 scrolls of fear {unknown}
 I - a scroll of magic mapping {unknown}
Potions
 e - 2 potions of might {unknown}
 f - a potion of resistance {unknown}
 g - 3 potions of curing {unknown}
 u - 2 potions of heal wounds {unknown}
 v - 2 potions of ambrosia {unknown}
 w - a potion of brilliance {unknown}
 z - 2 potions of haste {unknown}
 A - 2 potions of attraction {unknown}
 C - 2 potions of lignification {unknown}
 D - a potion of mutation {unknown}


   Skills:
 * Level 6.1 Fighting
 + Level 3.7 Maces & Flails
 * Level 7.5 Throwing
 + Level 3.9 Armour
 + Level 4.4 Dodging
 + Level 3.0 Stealth
 + Level 0.6 Spellcasting


You had 2 spell levels left.
You knew the following spells:

 Your Spells              Type           Power        Failure   Level
a - Corona                Hex            0%           41%         1
b - Tukima's Dance        Hex            0%           80%         3
c - Confusing Touch       Hex            0%           80%         3

Your spell library contained the following spells:

 Spells                   Type           Power        Failure   Level
 Beastly Appendage        Tmut           0%           41%         1
 Sandblast                Erth           0%           41%         1
 Ensorcelled Hibernation  Hex/Ice        0%           56%         2
 Passwall                 Tmut/Erth      0%           56%         2
 Wereblood                Tmut           0%           56%         2
 Dazzling Flash           Conj/Hex       0%           80%         3
 Spider Form              Tmut/Pois      0%           80%         3
 Stone Arrow              Conj/Erth      0%           80%         3
 Ice Form                 Ice/Tmut       0%           99%         4
 Petrify                  Tmut/Erth      0%           99%         4
 Blade Hands              Tmut           0%           100%        5
 Lee's Rapid Deconstruct  Erth           0%           100%        5


Dungeon Overview and Level Annotations

Branches:
Dungeon (9/15)             Temple (1/1) D:5
   Lair: D:8-11         Orc: D:9-12

Altars:
Ashenzari
Cheibriados
Dithmenos
Fedhas
Gozag
Hepliaklqana
Kikubaaqudgha
Makhleb
Nemelex Xobeh
Okawaru
Qazlal
Ru
Sif Muna
Trog
Uskayaw
Vehumet
Wu Jian
Xom
Yredelemnul
Zin
The Shining One

Shops:
D:4 [   D:5 =   D:7 =


Innate Abilities, Weirdness & Mutations

You are too large for most types of armour.
You have claws for hands.
Your natural rate of healing is unusually fast.
You are covered in fur. (AC +1)
You have extremely tough skin. (AC +3)


Message History

You kill the iguana!
Okawaru accepts your kill.
You whack the komodo dragon!
The komodo dragon is poisoned.
The komodo dragon is moderately wounded.
The komodo dragon bites you!
You hit the komodo dragon but do no damage.
The komodo dragon looks even sicker.
The komodo dragon is moderately wounded.
The komodo dragon bites you!!
* * * LOW HITPOINT WARNING * * *
You hit the komodo dragon but do no damage.
The komodo dragon looks as sick as possible!
The komodo dragon is moderately wounded.
The komodo dragon bites you!
* * * LOW HITPOINT WARNING * * *
You whack the komodo dragon!
The komodo dragon looks as sick as possible!
The komodo dragon is heavily wounded.
The komodo dragon bites you!!
You die...

#........#
#........#
#....)...#
######'###
#<.## ##.l#
##l# #l#
#######@###
#..)......#
#.........#
#.........#
#.........#
#.....<...#
#.........#
#.........#
#.........#


You could see a komodo dragon (extremely poisoned), a leopard gecko and a
frilled lizard.

Vanquished Creatures
  Pikel (D:6)
  Grinder (D:4)
  A wyvern (D:8)
  Menkaure (D:5)
  2 sky beasts
  A black bear (D:7)
  2 orc warriors (D:8)
  3 phantoms
  5 ogres
  2 centaurs (D:6)
  A scorpion (D:5)
  3 killer bees (D:7)
  3 howler monkeys
  4 jellies
  A centaur zombie (D:6)
  A bullfrog zombie (D:7)
  A quasit (D:8)
  A centaur skeleton (D:6)
  An orc priest (D:5)
  A hound (D:8)
  3 iguanas
  5 orc wizards
  3 worker ants
  A killer bee zombie (D:5)
  3 hound zombies
  A hound skeleton (D:5)
  4 gnolls
  8 adders
  A white imp (D:7)
  11 oozes
  4 ufetubi
  An adder skeleton (D:8)
  A worm (D:2)
  3 dart slugs (D:1)
  6 leopard geckos
  12 orcs
  A ball python (D:3)
  4 giant cockroaches
  4 goblins
  5 hobgoblins
  19 jackals
  13 kobolds
  5 quokkas
  6 bats
  4 frilled lizards
  A jackal skeleton (D:4)
  A leopard gecko skeleton (D:4)
  2 quokka skeletons
  9 rats
  A spectral orc (D:5)
178 creatures vanquished.

Vanquished Creatures (others)
  7 fungi (D:3)
  7 plants (D:9)
  8 toadstools (D:3)
22 creatures vanquished.

Grand Total: 200 creatures vanquished

Notes
Turn   | Place    | Note
-------+----------+-------------------------------------------
     0 | D:1      | Zeld the Troll Hunter began the quest for the Orb.
     0 | D:1      | Reached XP level 1. HP: 19/19 MP: 0/0
   205 | D:1      | Reached XP level 2. HP: 24/28 MP: 1/1
   429 | D:1      | Reached XP level 3. HP: 35/35 MP: 2/2
   487 | D:1      | Reached skill level 4 in Throwing
   706 | D:2      | Reached XP level 4. HP: 42/42 MP: 3/3
  1124 | D:2      | Reached skill level 1 in Stealth
  1281 | D:2      | Reached skill level 1 in Armour
  2224 | D:3      | Found a sparkling altar of Nemelex Xobeh.
  2224 | D:3      | Found an opulent altar of Gozag.
  2315 | D:3      | Reached XP level 5. HP: 50/50 MP: 4/4
  2807 | D:4      | Noticed Grinder
  2823 | D:4      | Paralysed by Grinder for 3 turns
  2830 | D:4      | Paralysed by Grinder for 2 turns
  2833 | D:4      | Paralysed by Grinder for 3 turns
  2836 | D:4      | Killed Grinder
  2837 | D:4      | Reached skill level 5 in Throwing
  2837 | D:4      | Reached XP level 6. HP: 20/61 MP: 5/5
  3041 | D:4      | Found Ziqisos's Armour Shop.
  3316 | D:4      | Found a shimmering blue altar of Sif Muna.
  3400 | D:5      | Entered Level 5 of the Dungeon
  3400 | D:5      | Found a hide-covered altar of Uskayaw.
  3432 | D:5      | Reached skill level 1 in Maces & Flails
  3432 | D:5      | Reached XP level 7. HP: 58/67 MP: 6/6
  4238 | D:5      | Found a staircase to the Ecumenical Temple.
  4247 | Temple   | Entered the Ecumenical Temple
  4988 | D:5      | Found Ojuafixe's Jewellery Shoppe.
  5045 | D:5      | Reached XP level 8. HP: 78/78 MP: 7/7
  5100 | D:5      | Learned a level 1 spell: Corona
  5103 | D:5      | Learned a level 2 spell: Ensorcelled Hibernation
  5107 | D:5      | Learned a level 3 spell: Confusing Touch
  5452 | D:5      | Noticed Menkaure
  6397 | D:5      | Found a basalt altar of Yredelemnul.
  6492 | D:5      | Found a hide-covered altar of Uskayaw.
  6506 | D:5      | Found a staircase to the Ecumenical Temple.
  6559 | D:5      | Killed Menkaure
  6560 | D:5      | Reached skill level 6 in Throwing
  6667 | D:5      | Found Ojuafixe's Jewellery Shoppe.
  6972 | D:5      | Found a basalt altar of Yredelemnul.
  7057 | D:6      | Found a sacrificial altar of Ru.
  7266 | D:6      | Noticed Pikel
  7288 | D:6      | Killed Pikel
  7289 | D:6      | Reached skill level 5 in Fighting
  7567 | D:6      | Found a burning altar of Makhleb.
  7878 | D:5      | Bought an uncursed amulet of reflection for 420 gold pieces
  7999 | D:6      | Reached XP level 9. HP: 54/88 MP: 8/8
  8491 | D:7      | Found Lutri's Jewellery Shop.
  8982 | D:7      | Found an ancient bone altar of Kikubaaqudgha.
  9136 | D:7      | Reached skill level 7 in Throwing
  9741 | D:8      | Found a snail-covered altar of Cheibriados.
  9776 | D:8      | Found an iron altar of Okawaru.
 10010 | D:8      | Learned a level 3 spell: Tukima's Dance
 10099 | D:8      | Became a worshipper of Warmaster Okawaru
 10999 | D:9      | Noticed a komodo dragon
 11012 | D:9      | Slain by a komodo dragon

Illustrated notes

Levels and vault maps discovered:
D:1:      minmay_arrival_wavy_path, layout_loops_ring, hex_tiny
D:2:      layout_basic
D:3:      cheibrodos_fertilizer, layout_loops_ring,
          grunt_temple_overflow_opulence
D:4:      layout_rooms, marbit_many_paths, serial_shops, shop,
          minmay_misc_feat_five, uniq_grinder
D:5:      layout_loops_cross, yredelemnul_forgotten_temple_becter,
          eat_drink_and_be_merry_uskayaw, minmay_temple_entry_sparse_star,
          minmay_shop_enchanted_jewellery, uniq_menkaure
D:6:      layout_basic, lemuel_round_altar, nicolae_ru_sacrificial_ziggurat,
          uniq_pikel
D:7:      layout_basic, lemuel_doored_altar, serial_shops, shop
D:8:      layout_basic, cheibriados_altar_1, basic_altar
D:9:      layout_roguey, minitemple, nicolae_water_bricks, minmay_lizard_king,
          uniq_erolcha
Temple:   minmay_temple_bridge_abc

Skill      XL: |  1  2  3  4  5  6  7  8  9 |
---------------+----------------------------+-----
Fighting       | 2 3 4 5 6 |  6.1
Throwing       | 4 5 6 7 |  7.5
Dodging        | 2 3 4 |  4.4
Stealth        | 1 2 3 |  3.0
Armour         | 1 2 3 |  3.9
Maces & Flails | 1 2 3 |  3.7
Spellcasting   | |  0.6

Action                   |  1- 3 |  4- 6 |  7- 9 || total
-------------------------+-------+-------+-------++-------
Melee: Unarmed           |    90 |   179 |       ||   269
       Whip              |       |    43 |   459 ||   502
       Giant spiked club |       |       |    42 ||    42
Throw: Large rock        |       |     3 |       ||     3
  Use: Scroll            |       |       |    11 ||    11
 Stab: Distracted        |     1 |       |       ||     1
       Sleeping          |       |       |     8 ||     8
Armor: Robe              |    52 |    85 |   208 ||   345
Dodge: Dodged            |    60 |   136 |   333 ||   529
Block: Other             |       |       |    40 ||    40
       Reflection        |       |       |     1 ||     1
